AoeStats
← KnightsTemplar

Arena

509634684Analyzed
1v1 RM · 5d ago on Sep 27, 2026· 45m 40s· 2 players
Game mode
Random Map
Map size
Tiny (2 player)
Population
200
Speed
Normal
Resources
Standard
Victory
Conquest
Starting age
Dark Age
Ending age
Imperial Age
RankedLock teamsTeams togetherTeam positionsShared explorationLock speedFull tech treeHidden civsTurbo modeCheats
Victory
Defeat
🇫🇮 Franks · Finland
603
+15
🇬🇧 Bohemians · United Kingdom
590
-15
KnightsTemplar
10:08 Loom
12:38 Feudal Age
15:22 Double-Bit Axe
18:05 Castle Age
16:26 Forging
16:40 Arson
16:31 Man-at-Arms
19:12 Bow Saw
20:11 Squires
24:41 Fervor
24:51 Scale Mail Armor
24:43 Fletching
24:54 Padded Archer Armor
25:33 Wheelbarrow
26:09 Scale Barding Armor
26:46 Long Swordsman
26:47 Pikeman
29:27 Iron Casting
30:20 Hand Cart
30:51 Town Watch
32:17 Fortified Wall
32:03 Murder Holes
32:19 Masonry
35:32 Chain Mail Armor
37:09 Chemistry
36:51 Wagenburg Tactics
36:56 Town Patrol
37:41 Atonement
38:36 Elite Skirmisher
44:17 Imperial Age
45:48 Sanctity
45:56 Illumination
45:32 Devotion
Slam-9
10:47 Feudal Age
10:03 Loom
12:01 Double-Bit Axe
17:27 Castle Age
22:38 Fletching
22:55 Scale Barding Armor
24:47 Crossbowman
32:07 Gold Mining
33:26 Padded Archer Armor
42:02 Imperial Age
40:18 Scale Mail Armor
40:28 Forging
42:56 Ballistics
Connection lost

Rejoining the realm…

Still unreachable

The connection could not be restored.

Session expired

The server has moved on; the page needs a fresh start.